 Dungeon Crawl Stone Soup version 0.28.0-62-gf88900778d (webtiles) character file.

Game seed: 10597399680754076681

725 cbfl8 the Cudgeller (level 7, -1/44 HPs)
             Began as a Gargoyle Berserker on June 20, 2023.
             Was a Priest of Trog.
             Slain by a gnoll
             ... wielding a +0 halberd
              (11 damage)
             ... on level 5 of the Dungeon.
             The game lasted 00:03:48 (6065 turns).

cbfl8 the Cudgeller (Gargoyle Berserker)            Turns: 6065, Time: 00:03:48

Health: -1/44      AC: 15    Str: 21    XL:     7   Next: 72%
Magic:  7/7        EV: 11    Int:  7    God:    Trog [***...]
Gold:   149        SH:  0    Dex: 11    Spells: 6/6 levels left

rFire   . . .      SeeInvis .   a - +0 mace
rCold   + . .      Faith    .   (no shield)
rNeg    + . .      Spirit   .   o - +0 ring mail
rPois   ∞          Reflect  .   (no helmet)
rElec   +          Harm     .   n - +0 cloak
rCorr   .          Rampage  .   (no gloves)
Will    .....                   (no boots)
Stlth   +.........              (no amulet)
HPRegen 0.14/turn               e - +4 ring of protection
MPRegen 0.10/turn               h - ring of protection from cold

@: no status effects
A: sickness immunity, AC +4, negative energy resistance 1, electricity
resistance, torment resistance 1, petrification resistance
a: Renounce Religion, Berserk, Trog's Hand


You were on level 5 of the Dungeon.
You worshipped Trog.
Trog was most pleased with you.
You visited 1 branch of the dungeon, and saw 5 of its levels.

You collected 149 gold pieces.

Inventory:

Hand Weapons
 a - a +0 mace (weapon)
Armour
 n - a +0 cloak (worn)
 o - a +0 ring mail (worn)
Jewellery
 e - a +4 ring of protection (left hand)
 h - a ring of protection from cold (right hand)
Wands
 s - a wand of iceblast (8)
Scrolls
 c - 2 scrolls of teleportation {unknown}
 i - 2 scrolls of blinking {unknown}
 j - 2 scrolls of holy word {unknown}
 l - 2 scrolls of enchant armour {unknown}
 r - a scroll of enchant weapon {unknown}
Potions
 b - a potion of heal wounds {unknown}
 d - a potion of flight {unknown}
 f - 3 potions of brilliance {unknown}
 g - 2 potions of curing {unknown}
 k - a potion of might
 m - a potion of attraction {unknown}
 p - 2 potions of magic {unknown}
 q - 2 potions of lignification {unknown}


   Skills:
 + Level 5.1 Fighting
 + Level 5.7 Maces & Flails
 + Level 3.4 Armour
 + Level 2.7 Dodging
 + Level 1.1 Stealth
 * Level 3.2 Evocations


You had 6 spell levels left.
You didn't know any spells.
Your spell library was empty.

Dungeon Overview and Level Annotations

Branches:
Dungeon (5/15)             Temple (0/1) D:5

Altars:


Innate Abilities, Weirdness & Mutations

You are immune to sickness and miasma.
Your stone body is resilient. (AC +4)
You are immune to poison.
You resist negative energy. (rN+)
You are resistant to electric shocks. (rElec)
You are resistant to unholy torment.
You are immune to petrification.


Message History

Trog accepts your kill. The gnoll barely misses you.
The gnoll barely misses you. The gnoll hits you but does no damage.
Things that are here:
a +0 spear; a gnoll corpse You closely miss the gnoll.
The gnoll misses you.
The gnoll hits you from afar with a +0 halberd!
You hit the gnoll.
The gnoll is lightly wounded.
The gnoll barely misses you. x2
You hit the gnoll.
The gnoll is heavily wounded.
The gnoll barely misses you. The gnoll hits you but does no damage.
You hit the gnoll.
The gnoll is severely wounded.
The gnoll misses you. The gnoll closely misses you.
You barely miss the gnoll. You punch the gnoll.
The gnoll is severely wounded.
The gnoll barely misses you. The gnoll hits you but does no damage.
You hit the gnoll.
You kill the gnoll!
Trog accepts your kill.
The gnoll hits you from afar with a +0 halberd. x2
The gnoll barely misses you.
You see here a +0 halberd.
You completely miss the gnoll. The gnoll barely misses you.
You closely miss the gnoll. The gnoll hits you with a +0 halberd.
You are too injured to fight recklessly!
You are too injured to fight recklessly!
You hit the gnoll.
The gnoll is heavily wounded.
The gnoll hits you with a +0 halberd!
* * * LOW HITPOINT WARNING * * *
You hit the gnoll but do no damage.
The gnoll is heavily wounded.
The gnoll hits you but does no damage.
You closely miss the gnoll.
The gnoll is heavily wounded.
The gnoll hits you with a +0 halberd!
You die...

#...⌠....>....⌠.....#
###...#.....#...#...#
#####.....#####...#
####### #.....# #.#
#.....#
####.##########
#.)...........#
#)##.##.### #.#
#@##.##.#####.####
#g##.......##.....
#.#####.##.##..###
#.......##.....#
#######.......##
#########


You could see a gnoll.

Vanquished Creatures
  Menkaure (D:4)
  Duvessa (D:4)
  A necrophage (D:2)
  A bullfrog (D:4)
  Dowan (D:4)
  A jelly (D:5)
  Ijyb (D:4)
  2 iguanas
  9 gnolls
  3 adders
  2 dart slugs (D:4)
  4 orcs
  7 bats
  5 endoplasms
  2 giant cockroaches
  9 goblins
  13 hobgoblins
  2 jackals (D:3)
  A quokka (D:1)
  9 ball pythons
  5 frilled lizards
  4 kobolds
  5 rats
  A spectral hobgoblin (D:2)
90 creatures vanquished.

Notes
Turn   | Place    | Note
-------+----------+-------------------------------------------
     0 | D:1      | cbfl8 the Gargoyle Berserker began the quest for the Orb.
     0 | D:1      | Reached XP level 1. HP: 14/14 MP: 1/1
   264 | D:1      | You fall into a shaft and drop 1 floor!
   282 | D:2      | Reached XP level 2. HP: 19/19 MP: 2/2
   525 | D:2      | Reached XP level 3. HP: 24/24 MP: 3/3
   530 | D:2      | Reached skill level 1 in Evocations
  1155 | D:2      | Found a faded altar of an unknown god.
  1622 | D:2      | Noticed a necrophage
  1630 | D:2      | Killed a necrophage
  1631 | D:2      | Reached XP level 4. HP: 22/29 MP: 4/4
  1631 | D:2      | Reached XP level 5. HP: 25/33 MP: 5/5
  2164 | D:2      | Reached ** piety under Trog
  3532 | D:3      | Reached *** piety under Trog
  4053 | D:4      | Noticed Menkaure
  4062 | D:4      | Killed Menkaure
  4063 | D:4      | Reached skill level 5 in Maces & Flails
  4063 | D:4      | Reached skill level 1 in Stealth
  4063 | D:4      | Reached XP level 6. HP: 39/39 MP: 6/6
  4128 | D:4      | Noticed Ijyb
  4181 | D:4      | Killed Ijyb
  4525 | D:4      | Reached XP level 7. HP: 26/44 MP: 7/7
  4867 | D:4      | Noticed Duvessa
  4871 | D:4      | Noticed Dowan
  4877 | D:4      | Killed Duvessa
  4889 | D:4      | Killed Dowan
  4890 | D:4      | Reached skill level 5 in Fighting
  5393 | D:5      | Entered Level 5 of the Dungeon
  5398 | D:5      | Found a staircase to the Ecumenical Temple.
  6065 | D:5      | Slain by a gnoll

Illustrated notes

Levels and vault maps discovered:
D:1:      evilmike_arrival_rings, layout_rooms
D:2:      minmay_chambers_of_twos, layout_basic,
          dreamdust_ecumenical_altar_drowned_temple
D:3:      layout_basic
D:4:      layout_loops_ring, uniq_duvessa, uniq_menkaure, uniq_ijyb
D:5:      layout_loops_cross, minmay_temple_entry_antechambers, dk_vineyard_3

Skill      XL: |  1  2  3  4  5  6  7 |
---------------+----------------------+-----
Evocations     | 1 2 3 |  3.2
Fighting       | 4 5 |  5.1
Maces & Flails | 4 5 |  5.7
Dodging        | 2 |  2.7
Stealth        | 1 |  1.1
Armour         | 3 |  3.4

Action                   |  1- 3 |  4- 6 |  7- 9 || total
-------------------------+-------+-------+-------++-------
Melee: Mace              |    72 |   159 |    81 ||   312
       Punch             |       |       |     3 ||     3
Invok: Berserk           |     2 |     1 |     1 ||     4
  Use: Scroll            |       |     1 |       ||     1
 Stab: Sleeping          |       |     2 |       ||     2
Armor: Animal skin       |    16 |    56 |       ||    72
       Ring mail         |       |    38 |    37 ||    75
Dodge: Dodged            |    51 |   137 |    48 ||   236
